 Dungeon Crawl Stone Soup version 0.30-a0-824-g6c64550be9 (webtiles) character file.

Game seed: 9137977972561380245

737 bande the Covered (level 7, -2/44 HPs)
             Began as a Gargoyle Fighter on Feb 28, 2023.
             Slain by an ogre
             ... wielding a +0 giant club
              (17 damage)
             ... on level 4 of the Dungeon.
             The game lasted 00:07:48 (5634 turns).

bande the Covered (Gargoyle Fighter)                Turns: 5634, Time: 00:07:48

Health: -2/44      AC: 18    Str: 20    XL:     7   Next: 75%
Magic:  7/7        EV:  7    Int:  8    God:
Gold:   133        SH:  5    Dex: 11    Spells: 6/6 levels left

rFire   + . .      SeeInvis .    a - +1 war axe
rCold   . . .      Faith    .    c - +0 buckler
rNeg    + . .      Spirit   .    q - +0 chain mail
rPois   ∞          Reflect  .    (no helmet)
rElec   +          Harm     .    (no cloak)
rCorr   +          Rampage  .    g - +1 pair of gloves
Will    .....                    i - +0 pair of boots Stlth
                                 (no amulet)
HPRegen 0.27/turn                j - ring of resist corrosion
MPRegen 0.10/turn                u - ring of protection from fire

@: no status effects
A: sickness immunity, AC +4, negative energy resistance 1, electricity
resistance, torment resistance 1, petrification resistance
a: no special abilities


You were on level 4 of the Dungeon.
You visited 1 branch of the dungeon, and saw 4 of its levels.
You also visited: Sewer.

You collected 133 gold pieces.

Inventory:

Hand Weapons
 a - a +1 war axe (weapon)
 n - a +0 war axe
 r - a +0 flail
Missiles
 t - 3 throwing nets (quivered)
Armour
 c - a +0 buckler (worn)
 g - a +1 pair of gloves (worn)
 i - a +0 pair of boots (worn)
 q - a +0 chain mail (worn)
Jewellery
 j - a ring of resist corrosion (left hand)
 u - a ring of protection from fire (right hand)
Wands
 l - a wand of mindburst (11)
 y - a wand of light (7)
Scrolls
 f - 2 scrolls of poison
 k - 2 scrolls of teleportation
 v - a scroll of magic mapping
 x - a scroll of butterflies
 A - a scroll of amnesia
Potions
 b - a potion of degeneration {unknown}
 d - 2 potions of might
 e - 2 potions of haste
 h - a potion of heal wounds
 m - 2 potions of brilliance
 o - a potion of lignification {unknown}
 p - a potion of curing
 s - a potion of attraction {unknown}
 w - a potion of invisibility {unknown}
 z - a potion of berserk rage {unknown}


   Skills:
 + Level 4.5 Fighting
 + Level 5.0 Axes
 + Level 5.3 Armour
 - Level 0.2 Stealth
 + Level 4.6 Shields
 * Level 2.4 Evocations


You had 6 spell levels left.
You didn't know any spells.
Your spell library contained the following spells:

 Spells                   Type           Power      Damage    Failure   Level
 Magic Dart               Conj           0%         1d3       99%         1
 Call Imp                 Summ           0%         N/A       100%        2
 Mephitic Cloud           Conj/Pois/Air  0%         N/A       100%        3


Dungeon Overview and Level Annotations

Branches:
Dungeon (4/15)              Sewer (visited)
 Temple: D:4-7

Altars:
Fedhas
Kikubaaqudgha
Wu Jian

Shops:
D:2 (


Innate Abilities, Weirdness & Mutations

You are immune to sickness and miasma.
Your stone body is resilient. (AC +4)
You are immune to poison.
You resist negative energy. (rN+)
You are resistant to electric shocks. (rElec)
You are resistant to unholy torment.
You are immune to petrification.


Message History

Key pressed, stopping explore.
No target in view!
No target in view!
No target in view!
No target in view!
No target in view!
No target in view!
Items here: )))).
Things that are here:
a +0 flail; a +0 club; a +0 chain mail You see here an orb of guile.
Found a leather armour.
An ogre comes into view. It is wielding a +0 giant club.
The ogre shouts!
An ogre is nearby!
The ogre barely misses you.
You hit the ogre.
The ogre is lightly wounded.
The ogre hits you with a +0 giant club!
You hit the ogre.
The ogre is lightly wounded.
You block the ogre's attack.
You slash the ogre!
The ogre is heavily wounded.
You barely miss the ogre.
The ogre is heavily wounded.
You block the ogre's attack.
You barely miss the ogre.
The ogre is heavily wounded.
The ogre hits you with a +0 giant club!!
You are too injured to fight recklessly!
You are too injured to fight recklessly!
You are too injured to fight recklessly!
You are too injured to fight recklessly!
You are too injured to fight recklessly!
You are too injured to fight recklessly!
You barely miss the ogre.
The ogre is heavily wounded.
The ogre hits you with a +0 giant club!
You die...

######.#
#..........#............
#...#
#.########.#######.#####
######.# #.##[..........#
#.# .......#
#.##...........# #.#####
######## #.##...........#
#...... #.########.#####
#..#### #.# #.# #...... #.#
####.########.####
#######.# #@..........#.#
#.......#...O...........#.#
#.#######.###...........#.#
#.# #...........#.# #.#
#....~~[P♣♣♣PS~ #.#
#####~≈P... .P~ ####.#
.P.♣♣.


♣PP ..##.# ..♣♣ .P #.##.####### You could see an ogre.

Vanquished Creatures
  Menkaure (D:4)
  A phantom (D:4)
  A kobold brigand (Sewer)
  A scorpion (D:4)
  An orc priest (D:4)
  An iguana (D:4)
  An orc wizard (D:4)
  Robin (D:4)
  8 gnolls
  12 adders
  2 river rats
  3 worms
  2 dart slugs
  11 orcs
  3 bats
  4 endoplasms
  3 giant cockroaches (D:3)
  15 goblins
  5 hobgoblins
  3 jackals (Sewer)
  6 kobolds
  4 quokkas
  12 ball pythons
  8 frilled lizards
  4 rats
113 creatures vanquished.

Vanquished Creatures (others)
  A goblin (D:4)
  A butterfly (D:4)
  11 plants (Sewer)
13 creatures vanquished.

Grand Total: 126 creatures vanquished

Notes
Turn   | Place    | Note
-------+----------+-------------------------------------------
     0 | D:1      | bande the Gargoyle Fighter began the quest for the Orb.
     0 | D:1      | Reached XP level 1. HP: 14/14 MP: 1/1
   213 | D:1      | Reached XP level 2. HP: 14/19 MP: 2/2
  1092 | D:2      | Reached XP level 3. HP: 24/24 MP: 3/3
  1329 | D:2      | Reached XP level 4. HP: 27/29 MP: 4/4
  1454 | D:2      | Found Lajow's Antique Weapon Shoppe.
  1879 | D:3      | Found a blossoming altar of Fedhas.
  1910 | D:3      | Found an ornate altar of the Wu Jian Council.
  1926 | D:3      | Found a faded altar of an unknown god.
  1957 | D:3      | Found an ancient bone altar of Kikubaaqudgha.
  2375 | D:3      | Found a glowing drain.
  2380 | Sewer    | Entered a sewer
  2714 | Sewer    | Reached XP level 5. HP: 27/33 MP: 5/5
  2857 | Sewer    | Noticed a kobold brigand
  2878 | Sewer    | Killed a kobold brigand
  3095 | Sewer    | Reached XP level 6. HP: 38/38 MP: 6/6
  3138 | Sewer    | Reached skill level 1 in Evocations
  4452 | D:4      | Reached skill level 5 in Armour
  4479 | D:4      | Identified the -1 helmet of Fedhas's Displeasure {rCorr
                  | Int+2}
  4479 | D:4      | Noticed Robin
  4483 | D:4      | Reached XP level 7. HP: 42/43 MP: 7/7
  4494 | D:4      | Killed Robin
  5126 | D:4      | Noticed Menkaure
  5137 | D:4      | Killed Menkaure
  5138 | D:4      | Reached skill level 5 in Axes
  5634 | D:4      | Slain by an ogre

Illustrated notes

Levels and vault maps discovered:
D:1:      dpeg_arrival_court, layout_basic
D:2:      layout_basic, serial_shops, shop
D:3:      layout_loops_cross, mainiacjoe_overflow_small_starburst,
          nzn_wu_jian_contemplation, mainiacjoe_overflow_cross_hatched,
          gup_sewer_entry_bowl, ebering_ecumenical_altar_abandoned
D:4:      layout_basic, nicolae_elyvilon_peaceful_grove, uniq_menkaure,
          uniq_robin

Skill      XL: |  1  2  3  4  5  6  7 |
---------------+----------------------+-----
Axes           | 2 3 4 5 |  5.0
Fighting       | 4 |  4.5
Armour         | 4 5 |  5.3
Shields        | 4 |  4.6
Evocations     | 1 2 |  2.4
Stealth        | |  0.2

Action                     |  1- 3 |  4- 6 |  7- 9 || total
---------------------------+-------+-------+-------++-------
  Melee: War axe           |    83 |   255 |    73 ||   411
    Use: Scroll            |     9 |     3 |       ||    12
 Armour: Scale mail        |    52 |       |       ||    52
         Chain mail        |       |   187 |    54 ||   241
  Dodge: Dodged            |    24 |   120 |    36 ||   180
  Block: Buckler           |    17 |    85 |    22 ||   124

Table legend: (Time is in decaauts)
 A = Elapsed time spent in this place.
 B = Non-inter-level travel time spent in this place.
 C = Inter-level travel time spent in this place.
 D = Time resting spent in this place.
 E = Time spent auto-exploring this place.
 F = Levels seen in this place.
 G = Mean time per level.
                   A        B        C        D        E       F      G
               +--------+--------+--------+--------+--------+-----+--------+
         Total |   5943 |   5838 |    105 |   1490 |   3276 |   5 | 1188.6 |
       Dungeon |   4612 |   4507 |    105 |   1032 |   2650 |   4 | 1153.0 |
         Sewer |   1331 |   1331 |      0 |    458 |    626 |   1 | 1331.0 |
               +--------+--------+--------+--------+--------+-----+--------+

Top non-repeatable levels by time:
     D:4: 1692 daAuts
   Sewer: 1331 daAuts
     D:2: 1064 daAuts
     D:3: 1021 daAuts
     D:1: 833 daAuts
